 Dungeon Crawl Stone Soup version 0.28.0 (webtiles) character file.

Game seed: 6586039731188768089

273 GrayStillPlays the Poker (level 6, -2/48 HPs)
             Began as a Merfolk Fighter on Feb 7, 2022.
             Slain by an orc wizard (3 damage)
             ... on level 3 of the Dungeon.
             The game lasted 00:04:24 (2072 turns).

GrayStillPlays the Poker (Merfolk Fighter)          Turns: 2072, Time: 00:04:24

Health: -2/48      AC:  8    Str: 16    XL:     6   Next: 24%
Magic:  7/7        EV: 12    Int:  9    God:
Gold:   181        SH:  0    Dex: 14    Spells: 4/7 levels left

rFire   . . .      SeeInvis .   a - +0 trident {polearm}
rCold   . . .      Faith    .   c - +0 buckler
rNeg    . . .      Spirit   .   f - +2 ring mail {rPois}
rPois   +          Reflect  .   o - +0 helmet
rElec   .          Harm     .   (no cloak)
rCorr   .          Rampage  .   (no gloves)
Will    .....                   (no boots)
Stlth   ..........              (no amulet)
HPRegen 0.16/turn               (no ring)
MPRegen 0.10/turn               (no ring)

@: confused
A: (nimble swimmer 2), mertail
a: no special abilities


You were on level 3 of the Dungeon.
You visited 1 branch of the dungeon, and saw 3 of its levels.

You collected 181 gold pieces.


Innate Abilities, Weirdness & Mutations

((You are very nimble when in or above water. (Stealth+, EV+, Speed+++)))
Your lower body shifts to a powerful aquatic tail in water.


   Skills:
 + Level 4.2 Fighting
 + Level 4.7 Polearms
 + Level 2.9 Armour
 * Level 4.5 Dodging
 - Level 3.0 Shields
 + Level 1.2 Spellcasting


You had 4 spell levels left.
You knew the following spells:

 Your Spells              Type           Power      Damage    Failure   Level
a - Ozocubu's Armour      Ice            0%         N/A       95%         3

Your spell library contained the following spells:

 Spells                   Type           Power      Damage    Failure   Level
 Metabolic Englaciation   Hex/Ice        0%         N/A       100%        5
 Simulacrum               Ice/Necr       0%         N/A       100%        6

Inventory:

Hand Weapons
 a - a +0 trident (weapon) {polearm}
 d - a +0 scythe of venom {polearm}
   (You took it off Sigmund on level 3 of the Dungeon)
 h - a +1 short sword of protection {short}
   (You took it off a kobold on level 1 of the Dungeon)
Missiles
 i - 19 bolts
 l - 35 arrows
 n - 38 sling bullets
 p - 5 atropa-tipped darts (quivered) {throwing}
 q - 48 stones {throwing}
Armour
 b - a +0 scale mail
 c - a +0 buckler (worn)
 f - a +2 ring mail of poison resistance (worn)
   (You found it on level 1 of the Dungeon)
 o - a +0 helmet (worn)
   (You found it on level 2 of the Dungeon)
Scrolls
 e - a scroll of amnesia {unknown}
 g - a scroll of brand weapon {unknown}
 j - 7 scrolls of identify {unknown}
Potions
 k - a potion of brilliance {unknown}
 m - 3 potions of curing {unknown}
 r - 3 potions of lignification {unknown}
 s - a potion of haste {unknown}
 t - 3 potions of attraction {unknown}

Dungeon Overview and Level Annotations

Branches:
Dungeon (3/15)

Altars:

Shops:
D:2

: ...$.....###
#..........#
.......o.#.#
.........#.#
.#.#.##.##.#####.##
!..................
.###.##..o†...>..#
......##.####### .#
#########..oo@# .#
#####{# .# #.# .# #.#
.# #.# #.#
#.#########.#
###########...........#
#..)......#.#.######..#
###
#.##.........#.#####..#
..#


You could see an orc priest and an orc wizard.


Message History

The orc wizard points at you and mumbles some strange words.
The magic dart hits you but does no damage.
You closely miss the orc wizard. You block the orc's attack.
An orc wizard comes into view. It is wielding a +0 dagger.
You block the orc wizard's attack.
You closely miss the orc wizard.
The orc wizard shouts!
The orc hits you but does no damage.
The orc wizard hits you but does no damage.
You miss the orc wizard. The orc closely misses you.
The orc wizard hits you but does no damage.
You barely miss the orc wizard. The orc hits you with a +0 falchion.
The orc wizard hits you but does no damage. 😕 HP[-2]
You take 2 damage, and now have 46/48 hp.
You see here a bat corpse. 😕 HP[+1]
The orc hits you with a +0 falchion.
The orc wizard gestures wildly while chanting.
The orc wizard flickers and vanishes!
Deactivating autopickup; reactivate with Ctrl-A. 😕 HP[-6]
You take 6 damage, and now have 41/48 hp.
You barely miss the orc.
The orc hits you with a +0 falchion. 😕 HP[-1]
You take 1 damage, and now have 40/48 hp.
You closely miss the orc. You closely miss something.
The orc hits you with a +0 falchion.
You hear some strange, mumbled words.
A magic dart appears from out of thin air!
The magic dart hits you but does no damage.
The orc priest mumbles some strange prayers to Beogh against you.
Beogh smites you! The orc barely misses you. 😮 HP[-13]
You take 13 damage, and now have 27/48 hp.
MASSIVE DAMAGE!! (PAUSE)
You puncture the orc!
You kill the orc!
The orc wizard points at you and mumbles some strange words.
You are confused.
Something hits you. 😮 HP[-1]
You take 1 damage, and now have 26/48 hp.
You hit something.
You hear some strange, mumbled words.
Something tries to affect you, but you resist.
You closely miss the orc wizard. The orc wizard barely misses you.
Something hits you. 😮 HP[-1]
You take 1 damage, and now have 25/48 hp.
You puncture the orc wizard! The orc wizard barely misses you.
The orc priest looks encouraged for a moment.
Something hits you.
* * * LOW HITPOINT WARNING * * *
😨 HP[-2]
You take 2 damage, and now have 23/48 hp.
You miss the orc wizard. The orc wizard closely misses you.
You hear some strange, mumbled words.
A magic dart appears from out of thin air!
The magic dart hits you.
* * * LOW HITPOINT WARNING * * *
The orc wizard points at you and mumbles some strange words.
You are more confused. 😨 HP[-1]
You take 1 damage, and now have 22/48 hp.
You miss something. Something hits you.
* * * LOW HITPOINT WARNING * * *
The orc wizard hits you with a +0 dagger.
* * * LOW HITPOINT WARNING * * *
Something hits you but does no damage. 😨 HP[-3]
You take 3 damage, and now have 19/48 hp.
You hit the orc wizard.
The orc wizard hits you with a +0 dagger.
* * * LOW HITPOINT WARNING * * *
Something hits you but does no damage. 😨 HP[-2]
You take 2 damage, and now have 17/48 hp.
You bump into the rock wall.
The orc wizard closely misses you.
The orc priest calls down the wrath of Beogh upon you.
Beogh smites you!
* * * LOW HITPOINT WARNING * * *
Something hits you.
* * * LOW HITPOINT WARNING * * *
😱 HP[-15]
You take 15 damage, and now have 2/48 hp.
MASSIVE DAMAGE!! (PAUSE) You're too confused to move!
The orc wizard hits you but does no damage.
You hear some strange, mumbled words.
A magic dart appears from out of thin air!
The magic dart hits you.
* * * LOW HITPOINT WARNING * * *
😱 HP[-1]
You take 1 damage, and now have 1/48 hp.
You hit the orc wizard but do no damage.
The orc wizard misses you. Something completely misses you.
You bump into the rock wall.
The orc wizard hits you with a +0 dagger.
You die...

Skill      XL: |  1  2  3  4 |
---------------+-------------+-----
Dodging        | 1 2 4 |  4.5
Fighting       | 4 |  4.2
Polearms       | 4 |  4.7
Spellcasting   | 1 |  1.2
Armour         | |  2.9
Shields        | |  3.0

Action                   |  1- 3 |  4- 6 || total
-------------------------+-------+-------++-------
Melee: Trident           |   115 |    61 ||   176
  Use: Potion            |       |     1 ||     1
Armor: Scale mail        |    59 |       ||    59
       Ring mail         |     7 |    16 ||    23
Dodge: Dodged            |    61 |    29 ||    90
Block: Buckler           |    31 |     7 ||    38

Levels and vault maps discovered:
D:1:      dpeg_arrival_orchard, layout_basic, minmay_splitting_lines,
          chequers_jeans, minmay_fountain_box, minmay_heptomino_l4
D:2:      layout_basic, serial_shops, nicolae_shop_behind_doors,
          basic_ecumenical_altar
D:3:      layout_loops_ring, uniq_jessica, uniq_sigmund

Notes
Turn   | Place    | Note
-------+----------+-------------------------------------------
     0 | D:1      | GrayStillPlays the Merfolk Fighter began the quest for the
                  | Orb.
     0 | D:1      | Reached XP level 1. HP: 18/18 MP: 1/1
     0 | D:1      | magus.rc [v1.9.6]
   220 | D:1      | Reached skill level 1 in Dodging
   226 | D:1      | Reached XP level 2. HP: 20/24 MP: 2/2
   666 | D:1      | Reached skill level 2 in Dodging
   671 | D:1      | Reached XP level 3. HP: 18/29 MP: 3/3
   939 | D:2      | Found a faded altar of an unknown god.
  1487 | D:2      | Reached XP level 4. HP: 37/37 MP: 4/4
  1490 | D:2      | Found Qiessext's Book Shoppe.
  1500 | D:2      | You pick up a book of Winter and begin reading...
  1500 | D:2      | You add the spells Ozocubu's Armour, Metabolic Englaciation
                  | and Simulacrum to your library.
  1544 | D:2      | Learned a level 3 spell: Ozocubu's Armour
  1601 | D:2      | Reached skill level 3 in Dodging
  1829 | D:3      | Noticed Sigmund
  1836 | D:3      | Killed Sigmund
  1837 | D:3      | Reached skill level 4 in Fighting
  1837 | D:3      | Reached skill level 4 in Polearms
  1837 | D:3      | Reached skill level 4 in Dodging
  1837 | D:3      | Reached skill level 1 in Spellcasting
  1837 | D:3      | Reached XP level 5. HP: 29/42 MP: 4/6
  1837 | D:3      | Reached XP level 6. HP: 34/48 MP: 4/7
  1990 | D:3      | Noticed Jessica
  1996 | D:3      | Killed Jessica
  2069 | D:3      | HP: 5/48 [orc priest/divine providence (12)]
  2069 | D:3      | HP: 2/48 [something (3)]
  2072 | D:3      | Slain by an orc wizard

Vanquished Creatures
  Sigmund (D:3)
  Jessica (D:3)
  4 adders (D:2)
  A worm (D:2)
  3 dart slugs
  An orc (D:3)
  8 ball pythons
  An endoplasm (D:1)
  2 giant cockroaches
  3 goblins
  A hobgoblin (D:1)
  4 jackals (D:1)
  3 quokkas
  2 bats
  A frilled lizard (D:1)
  5 kobolds
  2 rats
43 creatures vanquished.

Table legend:
 A = Non-vault XP
 B = Vault XP
 C = Vault XP percentage of total XP
 D = Non-vault monster count
 E = Vault monster count
 F = Vault count percentage of total count
                 A         B        C        D         E       F
            +---------+---------+-------+---------+---------+-------
      Total |     115 |     276 |  70.6 |      37 |       6 |  14.0
            +---------+---------+-------+---------+---------+-------
        D:1 |      28 |       8 |  22.2 |      17 |       4 |  19.0
        D:2 |      79 |       0 |   0.0 |      16 |       0 |   0.0
        D:3 |       8 |     268 |  97.1 |       4 |       2 |  33.3
            +---------+---------+-------+---------+---------+-------

Illustrated notes

Table legend:
 A = Kills in this place as a percentage of kills in entire the game.
 B = Kills by you in this place as a percentage of kills by you in the entire game.
 C = Kills by friends in this place as a percentage of kills by friends in the entire game.
 D = Other kills in this place as a percentage of other kills in the entire game.
 E = Experience gained in this place as a percentage of experience gained in the entire game.
 F = Experience gained in this place divided by the number of levels of this place that you have seen.
                   A       B       C       D       E      F
               +-------+-------+-------+-------+-------+----------------------
         Total | 100.0 | 100.0 |   N/A |   N/A | 100.0 | 130.3
       Dungeon | 100.0 | 100.0 |   N/A |   N/A | 100.0 | 130.3
               +-------+-------+-------+-------+-------+----------------------

Table legend: (Time is in decaauts)
 A = Elapsed time spent in this place.
 B = Non-inter-level travel time spent in this place.
 C = Inter-level travel time spent in this place.
 D = Time resting spent in this place.
 E = Time spent auto-exploring this place.
 F = Levels seen in this place.
 G = Mean time per level.
                   A        B        C        D        E       F      G
               +--------+--------+--------+--------+--------+-----+--------+
         Total |   2099 |   2060 |     39 |    208 |   1468 |   3 |  699.7 |
       Dungeon |   2099 |   2060 |     39 |    208 |   1468 |   3 |  699.7 |
               +--------+--------+--------+--------+--------+-----+--------+

Top non-repeatable levels by time:
     D:1: 942 daAuts
     D:2: 910 daAuts
     D:3: 247 daAuts
